[Event "Late-Titled-Tuesday-Blitz-June-18-2024"]
[Site "Chess.com"]
[Date "2024.06.18"]
[Round "9"]
[White "FuenfgegenWilly"]
[Black "ClauAmura"]
[Result "0-1"]
[WhiteElo "2507"]
[BlackElo "2392"]
[TimeControl "180+1"]
[EndTime "15:45:03 PDT"]
[Termination "ClauAmura won by resignation"]

1. e4 g6 2. Nc3 Bg7 3. f4 c5 4. Nf3 Nc6 5. Bb5 Nd4 6. O-O Nxb5 7. Nxb5 Nf6 8. d3 O-O 9. Qe1 d5 10. e5 Ne8 11. c4 dxc4 12. dxc4 Nc7 13. Nxc7 Qxc7 14.
Be3 Bf5 15. Rd1 Rad8 16. Qf2 b6 17. b3 Qc6 18. Rd2 Rxd2 19. Qxd2 f6 20. Nh4 Be4 21.
f5 fxe5 22. fxg6 Rxf1+ 23. Kxf1 Qf6+ 24. Bf2 hxg6 25. Qd8+ Kf7 26. Qc8 Bh6 27. Qg4 Be3 28. Nf3 Bf5 29. Qh4 Qxh4 30. Bxh4 Ke6 31. Ke2 Bh6 32. Nd2 Bf4 33. h3 g5 34. Be1 g4 35. hxg4 Bxg4+ 36. Nf3 e4 37. Bd2 exf3+ 38. gxf3 Bxd2 39. fxg4 Bg5 40. Kf3 Ke5 41. b4 0-1

[Event "Late-Titled-Tuesday-Blitz-June-18-2024"]
[Site "Chess.com"]
[Date "2024.06.18"]
[Round "9"]
[White "Tolya2"]
[Black "HouseOfDurin"]
[Result "1-0"]
[WhiteElo "2477"]
[BlackElo "2345"]
[TimeControl "180+1"]
[EndTime "15:45:03 PDT"]
[Termination "Tolya2 won by resignation"]

1. Nf3 g6 2. d4 Bg7 3. g3 d6 4.
Bg2 Nd7 5. c4 e5 6. Nc3 Ne7 7.
O-O O-O 8. e4 b6 9. dxe5 Nxe5 10.
Nxe5 dxe5 11. Be3 Bb7 12. Nd5 c6 13. Nxe7+ Qxe7 14. c5 b5 15. Qc2 f5 16. exf5 gxf5 17. Rad1 f4 18. Bc1 f3 19. Bh3 Bc8 20. Bxc8 Raxc8 21. h3 Rf6 22. Rd6 Kh8 23. Rfd1 Rcf8 24. Bg5 h6 25. Bxf6 Rxf6 26. Qe4 Qf7 27. Rxf6 Qxf6 28.
Rd6 Qg5 29. Qxf3 e4 30. Qxe4 Qxc5 31. Rd8+ Bf8 32. Qf4 Kg7 33. Rxf8 Qxf8 34. Qxf8+ Kxf8 35. b4 Ke7 36. f4 Kd6 37. f5 c5 38. bxc5+ Kxc5 39. Kf2 a5 40. Ke3 b4 41. Kd3 a4 42. g4 b3 43.
axb3 a3 44. Kc3 Kd5 45. b4 Ke5 46. Kb3 a2 47. Kxa2 Kf6 48. b5 1-0

[Event "Late-Titled-Tuesday-Blitz-June-18-2024"]
[Site "Chess.com"]
[Date "2024.06.18"]
[Round "9"]
[White "ZverevLev"]
[Black "Zhigalko_Sergei"]
[Result "1/2-1/2"]
[WhiteElo "2767"]
[BlackElo "2975"]
[TimeControl "180+1"]
[EndTime "15:45:04 PDT"]
[Termination "Game drawn by agreement"]

1. e4 c5 2. Nf3 Nc6 3. d4 cxd4 4.
Nxd4 Nf6 5. Nc3 e5 6. Ndb5 d6 7. Bg5 a6 8. Na3 b5 9. Bxf6 gxf6 10. Nd5 Bg7 11. c3 f5 12. exf5 Bxf5 13. Nc2 Be6 14. Nce3 Ne7 15. Nxe7 Qxe7 16. g3 O-O 17. Bg2 Rab8 18. O-O a5 19. Qd3 f5 20. Bd5 Kh8 21.
Rad1 f4 22. Ng2 Bh3 23. gxf4 Bxg2 24. Bxg2 exf4 25. Qxd6 Qxd6 26. Rxd6 f3 27. Bh3 b4 28. Rd3 bxc3 29. bxc3 Rb2 30. Be6 Rc2 31. Rfd1 Rxc3 32. Rxc3 Bxc3 33. Rd3 Bb4 34. a3 Bc5 35. Rc3 Bd4 36.
Rc8 Rxc8 37. Bxc8 1/2-1/2

[Event "Late-Titled-Tuesday-Blitz-June-18-2024"]
[Site "Chess.com"]
[Date "2024.06.18"]
[Round "9"]
[White "bob1263"]
[Black "chess94cu"]
[Result "0-1"]
[WhiteElo "2525"]
[BlackElo "2634"]
[TimeControl "180+1"]
[EndTime "15:45:05 PDT"]
[Termination "chess94cu won on time"]

1. d4 Nf6 2. c4 e6 3. Nc3 Bb4 4. Bg5 h6 5. Bh4 g5 6. Bg3 d6 7.
e3 Bxc3+ 8. bxc3 Ne4 9. Bd3 Nxg3 10. fxg3 Nd7 11. Nf3 b6 12. O-O Bb7 13. e4 Qe7 14.
Qe2 e5 15. Ne1 O-O-O 16. Nc2 Rde8 17. Rae1 c5 18. Ne3 exd4 19. Nf5 Qe5 20. a4 dxc3 21.
a5 Kb8 22. axb6 axb6 23. Bc2 Nf6 24. Ng7 Re7 25. Nf5 Rd7 26. Ba4 Rdd8 27. Rb1 Qxe4 28. Qxe4 Nxe4 29. Rxb6 Kc7 30. Rfb1 Rb8 31. Ne3 Ba8 32.
Rxb8 Rxb8 33. Rf1 f6 34. Bc2 Rb2 35. g4 Bc6 36. Rb1 Nd2 37. Ra1 Nxc4 38. Nxc4 Rxc2 39. Ne3 Re2 0-1

[Event "Late-Titled-Tuesday-Blitz-June-18-2024"]
[Site "Chess.com"]
[Date "2024.06.18"]
[Round "9"]
[White "Hikaru"]
[Black "Duhless"]
[Result "1-0"]
[WhiteElo "3294"]
[BlackElo "3103"]
[TimeControl "180+1"]
[EndTime "15:45:06 PDT"]
[Termination "Hikaru won by resignation"]

1. b3 e5 2. Bb2 Nc6 3. e3 g6 4.
g3 Bg7 5. Bg2 Nge7 6. c4 d5 7.
cxd5 Nxd5 8. a3 O-O 9. Ne2 Be6 10. O-O Qe7 11. d3 Rad8 12. Qc2 f5 13. Nd2 Nb6 14.
Rad1 Qf7 15. b4 a6 16. Rc1 Rd7 17. Rfe1 Rfd8 18. d4 Bd5 19. Nf3 e4 20. Nd2 g5 21. g4 f4 22. Nxe4 f3 23. Nxg5 Qf6 24.
Qxh7+ Kf8 25. Qh5 Kg8 26. e4 Bf7 27. Qh7+ Kf8 28. Nxf3 Bh6 29. d5 Qxb2 30. Qxh6+ 1-0

[Event "Late-Titled-Tuesday-Blitz-June-18-2024"]
[Site "Chess.com"]
[Date "2024.06.18"]
[Round "9"]
[White "manitodeplomo"]
[Black "patzer-reloaded"]
[Result "1-0"]
[WhiteElo "2655"]
[BlackElo "2455"]
[TimeControl "180+1"]
[EndTime "15:45:06 PDT"]
[Termination "manitodeplomo won by checkmate"]

1. d4 Nf6 2. c4 e6 3. Nf3 d5 4. Nc3 Bb4 5. Qa4+ Nc6 6. e3 O-O 7. Bd2 a6 8. h3 h6 9. Rd1 Bxc3 10. Bxc3 Ne4 11. Qc2 Qe7 12. a3 b6 13. Bd3 Nxc3 14.
Qxc3 dxc4 15. Bxc4 Bb7 16. O-O Rfd8 17. b4 Rac8 18.
Ba2 Nb8 19. Ne5 Nd7 20. Nc6 Bxc6 21. Qxc6 a5 22. Rb1 axb4 23. axb4 Qd6 24. Rfc1 Qxc6 25. Rxc6 Nb8 26. Rc3 c6 27. Rbc1 b5 28. Bb1 Rc7 29. Be4 Ra7 30. Bxc6 Nxc6 31. Rxc6 Ra4 32. Rb1 Rb8 33.
Rc5 g5 34. g4 Kg7 35. Kg2 Kg6 36. Kg3 Rb6 37. h4 gxh4+ 38. Kxh4 Rb8 39. Kg3 Kg7 40. f4 Kg6 41. Kf3 Kf6 42. Rh1 Kg7 43. Rch5 Rxb4 44. Rxh6 Rb6 45. g5 Rb3 46. Rh7+ Kg6 47.
R1h6+ Kf5 48. Rf6# 1-0

[Event "Late-Titled-Tuesday-Blitz-June-18-2024"]
[Site "Chess.com"]
[Date "2024.06.18"]
[Round "9"]
[White "enriquebutti"]
[Black "Beaterawn"]
[Result "0-1"]
[WhiteElo "2109"]
[BlackElo "2374"]
[TimeControl "180+1"]
[EndTime "15:45:06 PDT"]
[Termination "Beaterawn won by resignation"]

1. Nf3 f5 2. d4 Nf6 3. g3 g6 4. Bg2 Bg7 5. O-O O-O 6. c4 c6 7. Nc3 d6 8. b3 a5 9. Ba3 Na6 10. Rc1 Nc7 11. d5 Rb8 12. dxc6 bxc6 13. Nd4 Bb7 14.
Nxc6 Bxc6 15. Bxc6 e5 16. Bxd6 Rf7 17. Bxe5 Qxd1 18.
Rfxd1 Ng4 19. Bxg7 Kxg7 20. Nd5 Ne6 21. Nf4 Nxf4 22.
gxf4 Rc8 23. Bd5 Re7 24. e3 h5 25. c5 h4 26. c6 Kf6 27. h3 Nh6 28. Bf3 Nf7 29.
Rc4 g5 30. Bh5 gxf4 31. exf4 Re6 32. Bxf7 Kxf7 33. Rd7+ Ke8 34. Ra7 Rcxc6 35. Rxc6 Rxc6 36. Rxa5 Rc2 37. b4 Rc4 38. b5 Rxf4 39. a4 Kd7 40. Ra7+ Kc8 41. b6 Kb8 42. a5 Ra4 43. Kf1 f4 44. Ke2 Ra3 45. Kd2 Ra2+ 46.
Kc3 Rxf2 47. a6 Ra2 48. Kb3 Ra1 49. Kc4 f3 50. Kb5 f2 0-1

[Event "Late-Titled-Tuesday-Blitz-June-18-2024"]
[Site "Chess.com"]
[Date "2024.06.18"]
[Round "9"]
[White "slidingknight2775"]
[Black "BardArtem"]
[Result "0-1"]
[WhiteElo "2711"]
[BlackElo "2866"]
[TimeControl "180+1"]
[EndTime "15:45:07 PDT"]
[Termination "BardArtem won by checkmate"]

1. d4 d5 2. c4 e6 3. Nf3 Nf6 4.
g3 Bd6 5. Bg2 O-O 6. O-O h6 7.
Qc2 Nc6 8. a3 Re8 9. Nbd2 dxc4 10. Nxc4 Bf8 11. b4 a5 12. b5 Nxd4 13. Nxd4 Qxd4 14.
Bb2 Qc5 15. Bxf6 gxf6 16. a4 e5 17. Rac1 Rd8 18. e3 c6 19. Qb1 cxb5 20. Nxa5 Qa7 21. Nxb7 Bxb7 22. Rc7 Rab8 23. Qxb5 Bxg2 24. Rxa7 Rxb5 25.
Kxg2 Rb2 26. Rc1 Rdd2 27. Rcc7 Rxf2+ 28. Kh3 f5 29. Rxf7 Rxh2# 0-1

[Event "Late-Titled-Tuesday-Blitz-June-18-2024"]
[Site "Chess.com"]
[Date "2024.06.18"]
[Round "9"]
[White "Eloist"]
[Black "ManMish2"]
[Result "0-1"]
[WhiteElo "2449"]
[BlackElo "2633"]
[TimeControl "180+1"]
[EndTime "15:45:08 PDT"]
[Termination "ManMish2 won by resignation"]

1. e4 e5 2. Bc4 Nc6 3. Nf3 Nf6 4. d3 Bc5 5. O-O O-O 6. c3 d6 7. Nbd2 a6 8. Bb3 Ba7 9. h3 Ne7 10. Re1 Ng6 11. Nf1 Re8 12. Ng3 c6 13. d4 h6 14. Bc2 Be6 15. Be3 Qc7 16. Qd2 Rad8 17. Rad1 Kh7 18. Qc1 Bb8 19. Nf5 Bxf5 20. exf5 Ne7 21.
dxe5 dxe5 22. Rxd8 Rxd8 23. Nxe5 Qxe5 24. f4 Qc7 25.
Bc5 Ned5 26. c4 Nxf4 27. Re7 Nxh3+ 28. Kf1 Qh2 29. Qe3 Qh1+ 30. Ke2 Qxg2+ 31. Ke1 Bg3+ 0-1

[Event "Late-Titled-Tuesday-Blitz-June-18-2024"]
[Site "Chess.com"]
[Date "2024.06.18"]
[Round "9"]
[White "Chessdreamer2020"]
[Black "Andrii_Prydun"]
[Result "1-0"]
[WhiteElo "2552"]
[BlackElo "2362"]
[TimeControl "180+1"]
[EndTime "15:45:09 PDT"]
[Termination "Chessdreamer2020 won on time"]

1. e4 c5 2. Nf3 d6 3. d4 cxd4 4. Qxd4 Nc6 5. Qe3 d5 6. exd5 Qxd5 7. Nc3 Qa5 8. Bb5 Bd7 9. O-O Nf6 10. Bd2 Qc7 11. Rfe1 e6 12. Rad1 Be7 13. a3 O-O 14. Ng5 Rad8 15. Qh3 h6 16. Nge4 Nxe4 17. Nxe4 Ne5 18.
Bxd7 Nxd7 19. Bc3 Nc5 20. Ng3 f6 21. b4 Na4 22. Qxe6+ Rf7 23. Ba1 Rxd1 24. Rxd1 Qxc2 25. Re1 Nb6 26. Nf5 Qc4 27. Nxe7+ Kf8 28. Ng6+ Kg8 29.
Qe8+ Kh7 30. Nf8+ Kg8 31. Ne6+ 1-0

[Event "Late-Titled-Tuesday-Blitz-June-18-2024"]
[Site "Chess.com"]
[Date "2024.06.18"]
[Round "9"]
[White "SocoLoco"]
[Black "LidongW"]
[Result "0-1"]
[WhiteElo "2166"]
[BlackElo "2338"]
[TimeControl "180+1"]
[EndTime "15:45:09 PDT"]
[Termination "LidongW won by checkmate"]

1. e4 e6 2. d4 d5 3. e5 c5 4. c3 Nc6 5. Nf3 Qb6 6. Bd3 Bd7 7. O-O cxd4 8. cxd4 Nxd4 9. Nxd4 Qxd4 10. Nc3 a6 11. Qe2 Nh6 12. Rd1 Qb6 13. Kh1 g6 14. f4 Nf5 15.
Bxf5 gxf5 16. Be3 Bc5 17. Bg1 h5 18. Rac1 Bxg1 19. Rxg1 h4 20. h3 Ke7 21. Qd3 Rag8 22.
Qxd5 Rg3 23. Qd2 Bc6 24. Qd6+ Ke8 25. Kh2 Rhg8 26. Rc2 Rxh3+ 27. Kxh3 Qe3+ 28. Kh2 Qg3+ 29. Kh1 Qh3# 0-1

[Event "Late-Titled-Tuesday-Blitz-June-18-2024"]
[Site "Chess.com"]
[Date "2024.06.18"]
[Round "9"]
[White "evgchess5"]
[Black "Polish_fighter3000"]
[Result "0-1"]
[WhiteElo "2928"]
[BlackElo "3093"]
[TimeControl "180+1"]
[EndTime "15:45:11 PDT"]
[Termination "Polish_fighter3000 won on time"]

1. e4 c6 2. d4 d5 3. e5 Bf5 4.
h4 h5 5. c4 e6 6. Nc3 Ne7 7. Nge2 dxc4 8. Ng3 Bg4 9. f3 Bf5 10.
Bg5 Qb6 11. Qd2 Bg6 12. Bxc4 Nd7 13. a3 Nf5 14. Nxf5 Bxf5 15. Ne4 a5 16. O-O-O a4 17. Rhe1 Qa5 18. Qxa5 Rxa5 19. Bd2 Ra8 20. Bb4 Bxe4 21. fxe4 Bxb4 22. axb4 Nb6 23. Ba2 a3 24. Bb3 Rh6 25.
Kc2 Rg6 26. Rg1 axb2 27. Kxb2 Rg4 0-1

[Event "Late-Titled-Tuesday-Blitz-June-18-2024"]
[Site "Chess.com"]
[Date "2024.06.18"]
[Round "9"]
[White "Masterisback04"]
[Black "kleber2007"]
[Result "0-1"]
[WhiteElo "2133"]
[BlackElo "2471"]
[TimeControl "180+1"]
[EndTime "15:45:15 PDT"]
[Termination "kleber2007 won by resignation"]

1. e4 c5 2. Nf3 d6 3. d4 cxd4 4. Nxd4 Nf6 5. Nc3 a6 6. Be3 Ng4 7. Bd2 Qb6 8. Be2 Nxf2 9. Kxf2 Qxd4+ 10. Be3 Qxd1 11. Raxd1 Be6 12. Na4 Nd7 13. c4 g6 14.
b3 Bg7 15. c5 Be5 16. cxd6 exd6 17. h3 Ke7 18. g4 Rhc8 19. Rd2 b5 20. Nb6 Nxb6 21.
Bxb6 Rc3 22. Be3 Rac8 23. Rhd1 f6 24. Bd4 Rxh3 25. Bxe5 dxe5 26. Rd6 Rh2+ 27. Kf3 Rxe2 28. Rxe6+ Kxe6 29. Kxe2 Rc2+ 30. Kd3 Rxa2 31. Rh1 Rg2 32.
Rxh7 Rg3+ 33. Kc2 Rxg4 34. Ra7 Rxe4 35. Rxa6+ Kf5 36. Rb6 b4 37. Rb5 g5 38. Kd3 g4 0-1

[Event "Late-Titled-Tuesday-Blitz-June-18-2024"]
[Site "Chess.com"]
[Date "2024.06.18"]
[Round "9"]
[White "Rutricks"]
[Black "Oleksandr_Bortnyk"]
[Result "0-1"]
[WhiteElo "2816"]
[BlackElo "3054"]
[TimeControl "180+1"]
[EndTime "15:45:16 PDT"]
[Termination "Oleksandr_Bortnyk won by checkmate"]

1. c4 b6 2. Nc3 Bb7 3. Nf3 Nf6 4.
g3 g6 5. Bg2 Bg7 6. O-O O-O 7. d4 Ne4 8. Qc2 Nxc3 9. Qxc3 Nc6 10. Be3 e6 11. Qd2 Na5 12. b3 d6 13. Bh6 c5 14.
Rad1 Rc8 15. h4 Bxh6 16. Qxh6 Bxf3 17. Bxf3 Qf6 18. dxc5 dxc5 19. Rd7 a6 20. Rfd1 b5 21. Ra7 bxc4 22. Rxa6 Rfd8 23. Rc1 cxb3 24. Rxa5 b2 25. Rb1 c4 26. Be4 c3 27. Rb5 c2 28. R5xb2 Rd1+ 29. Kg2 cxb1=Q 30. Rxb1 Rxb1 31. Bxb1 Qb2 32. Bd3 Qxa2 33.
h5 Qd5+ 34. Kh3 Qh1+ 35. Kg4 Rc5 36. f3 Rxh5 37. Qe3 Rf5 38. Bxf5 Qh5+ 39. Kf4 Qxf5# 0-1

[Event "Late-Titled-Tuesday-Blitz-June-18-2024"]
[Site "Chess.com"]
[Date "2024.06.18"]
[Round "9"]
[White "subham777"]
[Black "Individoom"]
[Result "0-1"]
[WhiteElo "2620"]
[BlackElo "2794"]
[TimeControl "180+1"]
[EndTime "15:45:18 PDT"]
[Termination "Individoom won by checkmate"]

1. e4 c5 2. Nf3 e6 3. g3 Nc6 4.
Bg2 Nf6 5. d3 d5 6. exd5 exd5 7.
O-O Be7 8. c3 O-O 9. h3 h6 10. d4 Bf5 11. Re1 Ne4 12. Be3 Qb6 13. b3 Rad8 14. dxc5 Bxc5 15. Nd4 Nxd4 16. Bxd4 Bxd4 17.
cxd4 Rc8 18. Nd2 Nc3 19. Qf3 Qxd4 20. Qxf5 Qxd2 21. Re7 Rcd8 22. Rxb7 d4 23. Bf1 d3 24.
Rxa7 Qb2 25. Re1 d2 26. Ree7 d1=Q 27. Rxf7 Ne2+ 28. Kh2 Qxf1 29. Rxg7+ Qxg7 30. Rxg7+ Kxg7 31. Qe5+ Rf6 32. Qe7+ Rf7 33. Qe5+ Kg8 34. h4 Rxf2# 0-1

[Event "Late-Titled-Tuesday-Blitz-June-18-2024"]
[Site "Chess.com"]
[Date "2024.06.18"]
[Round "9"]
[White "schondeln"]
[Black "esskeettit"]
[Result "0-1"]
[WhiteElo "2366"]
[BlackElo "2514"]
[TimeControl "180+1"]
[EndTime "15:45:19 PDT"]
[Termination "esskeettit won by resignation"]

1. e4 c5 2. Nf3 Nc6 3. Bb5 g6 4. O-O Bg7 5. Re1 Nf6 6. e5 Nd5 7. Nc3 Nc7 8. Bxc6 dxc6 9. Ne4 b6 10. h3 O-O 11. d3 Bf5 12. Ng3 Be6 13. a4 Bd5 14.
Nd2 Qd7 15. a5 b5 16. c3 Rad8 17. f4 Be6 18. Nge4 Na6 19. Re3 Bh6 20. Qf1 Bd5 21. Ng3 f6 22. c4 Be6 23. Ne2 Bf5 24.
e6 Bxe6 25. Nf3 Bf5 26. Bd2 Bxd3 27. Bc3 b4 28. Rd1 Bxe2 29. Rxd7 Bxf1 30. Rxd8 Rxd8 31. Kxf1 bxc3 0-1

[Event "Late-Titled-Tuesday-Blitz-June-18-2024"]
[Site "Chess.com"]
[Date "2024.06.18"]
[Round "9"]
[White "rhungaski"]
[Black "Supergiuly"]
[Result "1-0"]
[WhiteElo "2615"]
[BlackElo "2364"]
[TimeControl "180+1"]
[EndTime "15:45:22 PDT"]
[Termination "rhungaski won by resignation"]

1. e4 g6 2. d4 Bg7 3. c3 e6 4. Nf3 Ne7 5. Bd3 O-O 6. h4 h5 7. Bg5 d5 8. e5 c5 9. dxc5 Nbc6 10. Qe2 Qc7 11. Na3 a6 12. Nc2 Nf5 13. Bf4 Nh6 14.
Ncd4 Ng4 15. Nxc6 bxc6 16. O-O Qa7 17. b4 a5 18. a4 Rb8 19. Rfb1 Rd8 20. Nd4 Qc7 21.
b5 cxb5 22. axb5 Bb7 23. c6 Bc8 24. Nf3 Qb6 25. g3 f6 26. Bxg6 fxe5 27. Nxe5 Nxe5 28. Bxe5 Bxe5 29. Qxe5 Ba6 30. bxa6 1-0

[Event "Late-Titled-Tuesday-Blitz-June-18-2024"]
[Site "Chess.com"]
[Date "2024.06.18"]
[Round "9"]
[White "Romkachess"]
[Black "Viktor_Poddubnyi"]
[Result "1-0"]
[WhiteElo "2491"]
[BlackElo "2336"]
[TimeControl "180+1"]
[EndTime "15:45:24 PDT"]
[Termination "Romkachess won on time"]

1. e4 g6 2. d4 Bg7 3. Nc3 d6 4. Be3 a6 5. h4 h5 6. Qd2 b5 7. a4 b4 8. Nd5 a5 9. Nf3 e6 10.
Nf4 Bb7 11. Bd3 Nd7 12. Ng5 Qe7 13. O-O-O Ngf6 14. Nxh5 gxh5 15. f3 c5 16. Bb5 Rc8 17. dxc5 dxc5 18. Bf4 e5 19. Bxe5 Qxe5 20. Bxd7+ Kf8 21.
Bxc8 Bxc8 22. Qd8+ Ne8 23. Qxc8 Qxb2+ 24. Kd2 Bc3+ 25.
Kd3 Bd4 26. Kc4 Qxc2+ 27. Kb5 Qe2+ 28. Kb6 b3 29. Qd7 1-0

[Event "Late-Titled-Tuesday-Blitz-June-18-2024"]
[Site "Chess.com"]
[Date "2024.06.18"]
[Round "9"]
[White "rikchessmx"]
[Black "RamonManon0g"]
[Result "0-1"]
[WhiteElo "2316"]
[BlackElo "2473"]
[TimeControl "180+1"]
[EndTime "15:45:25 PDT"]
[Termination "RamonManon0g won by checkmate"]

1. e4 c5 2. Nf3 d6 3. d4 cxd4 4. Nxd4 Nf6 5. Nc3 a6 6. f4 e5 7.
Nf3 Nbd7 8. Bd3 Be7 9. O-O O-O 10. Kh1 b5 11. a3 Bb7 12. Qe1 Rc8 13. fxe5 Nxe5 14.
Nd4 Nxd3 15. cxd3 Nd7 16. Nf5 Ne5 17. Qg3 Bf6 18. h4 g6 19. Nh6+ Kh8 20. d4 Bxh4 21. Qh3 Nc4 22. Nxf7+ Rxf7 23. Rxf7 Bc6 24. g3 Qe8 25.
gxh4 Qxf7 26. Qxc8+ Be8 27. Qg4 Qf1+ 28. Kh2 Qf2+ 29. Qg2 Qxh4+ 30. Kg1 Qe1+ 31. Qf1 Qg3+ 32. Kh1 Qh4+ 33. Kg2 Qg4+ 34. Kh2 Qh4+ 35. Qh3 Qf2+ 36. Qg2 Qh4+ 37. Qh3 Qf2+ 38. Kh1 Qe1+ 39. Kg2 Bf7 40. Qg3 Qxg3+ 41. Kxg3 Kg7 42. a4 b4 43. Nd5 a5 44.
b3 Bxd5 45. bxc4 Bxc4 46. Bb2 g5 47. Kg4 Kg6 48. Kg3 h5 49. Rc1 h4+ 50. Kh3 Be6+ 51. Kh2 g4 52. d5 g3+ 53. Kg2 Bd7 54. Rc6 Kg5 55. Rxd6 Bg4 56. Bc1+ Kh5 57. Ra6 Bd1 58. Rxa5 Kg4 59. Ra7 h3+ 60. Kg1 h2+ 61. Kg2 Bf3+ 62. Kf1 h1=Q# 0-1

[Event "Late-Titled-Tuesday-Blitz-June-18-2024"]
[Site "Chess.com"]
[Date "2024.06.18"]
[Round "9"]
[White "KebabJangles"]
[Black "shirovin"]
[Result "1-0"]
[WhiteElo "2289"]
[BlackElo "2096"]
[TimeControl "180+1"]
[EndTime "15:45:26 PDT"]
[Termination "KebabJangles won on time"]

1. d4 f5 2. c4 Nf6 3. Nc3 g6 4. g3 Bg7 5. Bg2 O-O 6. Nf3 d6 7. O-O Qe8 8. Re1 Qf7 9. d5 e5 10. Ng5 Qe8 11. e4 h6 12. Ne6 Bxe6 13. dxe6 Nc6 14.
exf5 gxf5 15. Nd5 Nxd5 16. cxd5 Nd4 17. Be3 c5 18. Bxd4 cxd4 19. Rc1 Rc8 20. h3 Qb5 21. Qb3 Qxb3 22. axb3 e4 23. g4 d3 24. Rcd1 Bxb2 25. gxf5 d2 26. Rxd2 Bc3 27. Rde2 Bxe1 28. Rxe1 Rxf5 29.
Bxe4 Re5 30. f4 1-0

[Event "Late-Titled-Tuesday-Blitz-June-18-2024"]
[Site "Chess.com"]
[Date "2024.06.18"]
[Round "9"]
[White "JoakimVonAnd"]
[Black "ArmanGhevondyanchess"]
[Result "0-1"]
[WhiteElo "2735"]
[BlackElo "2605"]
[TimeControl "180+1"]
[EndTime "15:45:28 PDT"]
[Termination "ArmanGhevondyanchess won by checkmate"]

1. d4 Nf6 2. c4 g6 3. Nc3 d5 4. Bf4 Bg7 5. e3 O-O 6. Rc1 c5 7. dxc5 dxc4 8. Qxd8 Rxd8 9. Bxc4 Nc6 10. Nf3 Bf5 11.
O-O Rac8 12. a3 a5 13. Na4 Nh5 14.
Nb6 Nxf4 15. Nxc8 Ne6 16. Nb6 Bxb2 17. Rcd1 Bxa3 18. Rxd8+ Ncxd8 19. Nd4 Bxc5 20. Nxf5 gxf5 21. Nd7 Bb4 22. Bd5 Nc7 23. Bf3 b5 24. Rc1 Bd6 25.
Nb6 a4 26. Nc8 Nde6 27. Nxd6 exd6 28. Bc6 a3 29. Kf1 b4 30. Ba4 Nc5 31. Bd1 b3 32.
Rxc5 b2 33. Bb3 b1=Q+ 34. Ke2 dxc5 35. Bc4 Qc2+ 36. Kf3 Qxc4 37. Kg3 Qg4# 0-1

[Event "Late-Titled-Tuesday-Blitz-June-18-2024"]
[Site "Chess.com"]
[Date "2024.06.18"]
[Round "9"]
[White "artin10862"]
[Black "DeTimmerman"]
[Result "1/2-1/2"]
[WhiteElo "2938"]
[BlackElo "2761"]
[TimeControl "180+1"]
[EndTime "15:45:32 PDT"]
[Termination "Game drawn by repetition"]

1. e4 e5 2. Nf3 Nc6 3. Bc4 Nf6 4. d3 Be7 5. O-O O-O 6. c3 d5 7. exd5 Nxd5 8. Re1 Bg4 9. h3 Bh5 10. Nbd2 Nf4 11.
Ne4 Bd6 12. Bxf4 exf4 13. d4 Kh8 14. Be2 h6 15. Nfd2 Bg6 16. Nxd6 Qxd6 17. Bf3 Rad8 18. Qa4 a6 19. Nc4 Qf6 20. Bxc6 bxc6 21. Ne5 Rd6 22. Qxa6 c5 23. Qc4 cxd4 24. cxd4 Rfd8 25. Rad1 c6 26. a4 Bh5 27. Rd3 Qf5 28. b4 f6 29. Nf3 Bxf3 30. Rxf3 Rxd4 31. Qxc6 Rxb4 32. Ra3 Rb1 33. Ra1 Rxe1+ 34. Rxe1 Kh7 35. Qb5 Rd5 36. Qe2 Re5 37. Qd1 Rd5 38. Qe2 Re5 39. Qf1 Ra5 40. Qc4 f3 41. g4 Qg6 42. Re3 Qb1+ 43. Kh2 Qb8+ 44. Kg1 Qb1+ 45. Kh2 Qb8+ 46. Kg1 Qb1+ 1/2-1/2

[Event "Late-Titled-Tuesday-Blitz-June-18-2024"]
[Site "Chess.com"]
[Date "2024.06.18"]
[Round "9"]
[White "Mikhail_Golubev"]
[Black "harshu27"]
[Result "1-0"]
[WhiteElo "2679"]
[BlackElo "2562"]
[TimeControl "180+1"]
[EndTime "15:45:32 PDT"]
[Termination "Mikhail_Golubev won on time"]

1. e4 e5 2. Nf3 Nc6 3. Bc4 Nf6 4. d3 Bc5 5. c3 a5 6. Nbd2 O-O 7. O-O d5 8. exd5 Nxd5 9. Ne4 Ba7 10. Bg5 f6 11.
Qb3 Be6 12. Qxb7 Qd7 13. Bb5 Nde7 14. Bxf6 gxf6 15. Nxf6+ Rxf6 16. Qxa8+ Rf8 17. Qxa7 Nxa7 18. Bxd7 Bxd7 19. Nxe5 Bf5 20. Rfe1 Nd5 21. d4 Nf4 22. a4 Rb8 23. b4 axb4 24. cxb4 Rxb4 25. Rec1 Rxd4 26.
Rxc7 Rd5 27. Re1 Ne2+ 28. Kf1 Rxe5 29. Rxa7 Bd3 30. f3 1-0

[Event "Late-Titled-Tuesday-Blitz-June-18-2024"]
[Site "Chess.com"]
[Date "2024.06.18"]
[Round "9"]
[White "RantomOpening"]
[Black "ReadySkate"]
[Result "0-1"]
[WhiteElo "2619"]
[BlackElo "2778"]
[TimeControl "180+1"]
[EndTime "15:45:33 PDT"]
[Termination "ReadySkate won on time"]

1. e4 c5 2. c3 d5 3. exd5 Qxd5 4.
Nf3 Nc6 5. d4 Bf5 6. Be3 Nf6 7.
c4 Qd8 8. d5 Nb4 9. Na3 e6 10.
Qa4+ Qd7 11. Qxd7+ Nxd7 12. Nh4 Bg4 13. h3 Bh5 14. g4 Bg6 15. dxe6 fxe6 16. Nxg6 hxg6 17. Bg2 O-O-O 18. O-O a6 19. Rad1 Be7 20. Rfe1 Bf6 21. Bf4 Bxb2 22. Nb1 e5 23. Bg5 Rdf8 24. Bxb7+ Kxb7 25. Rxd7+ Kc6 26. Rxg7 Rxh3 27. Rxg6+ Kb7 28. Rg7+ Kb6 29.
Kg2 Rhf3 30. Be3 Bd4 31. Nd2 R3f6 32. Ne4 R6f7 33. Rxf7 Rxf7 34. g5 Rg7 35. Kf3 Rf7+ 36. Kg4 Nd3 37. Rb1+ Kc6 38. g6 Rg7 39. Kf5 Nf4 40.
Bxf4 exf4 41. Rh1 f3 42. Rh7 Rg8 43. Nf6 Rf8 44. Rf7 Rd8 45. g7 Bxf2 0-1

[Event "Late-Titled-Tuesday-Blitz-June-18-2024"]
[Site "Chess.com"]
[Date "2024.06.18"]
[Round "9"]
[White "Korchmar_Vasiliy"]
[Black "Sanyura"]
[Result "1-0"]
[WhiteElo "2644"]
[BlackElo "2537"]
[TimeControl "180+1"]
[EndTime "15:45:33 PDT"]
[Termination "Korchmar_Vasiliy won on time"]

1. d4 Nf6 2. Nf3 g6 3. Bg5 Bg7 4. Nbd2 O-O 5. e3 d6 6. Be2 c6 7. O-O a6 8. a4 a5 9. c3 Bf5 10. Re1 Nbd7 11. Bc4 Ne4 12. Nxe4 Bxe4 13. Nd2 Bd5 14. Bf1 h6 15. Bh4 g5 16. Bg3 e5 17.
e4 Be6 18. Nc4 Bxc4 19. Bxc4 Qb6 20. d5 Qxb2 21. dxc6 bxc6 22. Qxd6 Nb6 23. Ba2 Qxc3 24. h4 Qd4 25. Qxc6 Rac8 26. Qb7 Nc4 27. hxg5 hxg5 28. Rad1 Qb6 29. Qe7 Bf6 30. Qd7 Rfd8 31. Qf5 Kg7 32.
Bxc4 Rxc4 33. Bxe5 Rxd1 34. Qxg5+ Kf8 35. Qh6+ Ke8 36. Rxd1 Qb3 37. Qd2 1-0

[Event "Late-Titled-Tuesday-Blitz-June-18-2024"]
[Site "Chess.com"]
[Date "2024.06.18"]
[Round "9"]
[White "Abund"]
[Black "yobdc"]
[Result "1-0"]
[WhiteElo "2682"]
[BlackElo "2565"]
[TimeControl "180+1"]
[EndTime "15:45:34 PDT"]
[Termination "Abund won by resignation"]

1. e4 e6 2. d4 d5 3. Nd2 dxe4 4. Nxe4 Bd7 5. Nf3 Bc6 6. Bd3 Nd7 7. c3 Ngf6 8. Nxf6+ Nxf6 9. O-O Bxf3 10. Qxf3 c6 11. Qd1 Be7 12. Be2 O-O 13. Bf3 Qa5 14. Re1 Rad8 15.
Qe2 Rd7 16. Be3 Nd5 17. Bd2 Qc7 18. g3 Rfd8 19. Rad1 Bf8 20. Bg5 Be7 21. Bc1 Bf8 22.
h4 c5 23. Kg2 cxd4 24. Rxd4 Nf6 25. Be3 Bc5 26. Rc4 b6 27. b4 Nd5 28. bxc5 b5 29.
Bxd5 bxc4 30. Bxc4 h6 31. Qf3 Rc8 32. Rb1 Qa5 33.
Bd4 e5 34. Qf5 Qc7 35. Be3 Rcd8 36. h5 Rd1 37. Rxd1 Rxd1 38. Bd3 Qc6+ 39. Be4 Qe6 40. Qxe6 fxe6 41. c6 Rd8 42. Bxa7 Rc8 43. Bb6 Kf7 44. c7 Ke7 45. a4 Kd7 46. a5 1-0